 Dungeon Crawl Stone Soup version 0.29.1-2-gbd0b4ee654 (webtiles) character file.

Game seed: 10737490850398706357

133 Icepheonix32 the Grave Robber (level 4, 0/24 HPs)
             Began as a Deep Elf Necromancer on Nov 1, 2022.
             Killed by divine providence
             ... invoked by an orc priest
              (15 damage)
             ... on level 3 of the Dungeon.
             The game lasted 00:02:41 (2302 turns).

Icepheonix32 the Grave Robber (DENe)                Turns: 2302, Time: 00:02:43

Health: 0/24       AC:  2    Str: 13    XL:     4   Next: 94%
Magic:  8/10       EV: 12    Int: 20    God:
Gold:   143        SH:  0    Dex: 15    Spells: 8/9 levels left

rFire   . . .      SeeInvis .   n - +2 club (spect)
rCold   . . .      Faith    .   (no shield)
rNeg    . . .      Spirit   .   a - +0 robe
rPois   .          Reflect  .   (no helmet)
rElec   .          Harm     .   (no cloak)
rCorr   .          Rampage  .   (no gloves)
Will    .....                   (no boots)
Stlth   ++........              (no amulet)
HPRegen 0.08/turn               h - +6 ring of strength
MPRegen 0.12/turn               (no ring)

@: no status effects
A: no striking features
a: no special abilities


You were on level 3 of the Dungeon.
You visited 1 branch of the dungeon, and saw 3 of its levels.

You collected 143 gold pieces.

Inventory:

Hand Weapons
 d - a +0 dagger
 n - a +2 spectral club (weapon)
Missiles
 k - 4 javelins
Armour
 a - a +0 robe (worn)
Jewellery
 h - a +6 ring of strength (left hand)
 p - a ring of ice
Scrolls
 e - 3 scrolls of identify {unknown}
 f - a scroll of noise {unknown}
 g - a scroll of amnesia {unknown}
 j - a scroll of butterflies {unknown}
 l - a scroll of immolation {unknown}
 m - a scroll of teleportation {unknown}
Potions
 b - a potion of magic
 c - a potion of lignification {unknown}
 i - a potion of mutation {unknown}
 o - a potion of brilliance {unknown}


   Skills:
 - Level 2.4 Dodging
 - Level 2.4 Stealth
 - Level 3.0 Spellcasting
 + Level 7.6 Necromancy


You had 8 spell levels left.
You knew the following spells:

 Your Spells              Type           Power      Damage    Failure   Level
a - Necrotise             Necr           100%       1d9       1%          1

Your spell library contained the following spells:

 Spells                   Type           Power      Damage    Failure   Level
 Vampiric Draining        Necr           33%        2d8       1%          3
 Animate Dead             Necr           33%        N/A       6%          4
 Agony                    Necr           33%        N/A       17%         5
 Conjure Flame            Conj/Fire      3%         6-21      38%         3
 Ignite Poison            Fire/Tmut/Pois 3%         N/A       38%         3
 Sticky Flame             Conj/Fire      3%         2d3       80%         4


Dungeon Overview and Level Annotations

Branches:
Dungeon (3/15)

Altars:


Message History

Aiming: Necrotise (safe; 1% risk of failure)
Press: ? - help, Shift-Dir - straight line, f - orc priest
Aim: an orc priest, wielding a +0 trident (ally target, chance to affect: 83%)
The orc priest writhes in agony!
The orc priest hits you from afar with a +0 trident.
Your orc wizard skeleton hits the dart slug but does no damage.
Unknown command.
Your orc skeleton hits the orc priest.
The dart slug bites your orc wizard skeleton.
Your orc wizard skeleton is destroyed!
The orc priest hits your orc skeleton with a +0 trident!
There is a stone staircase leading up here.
You climb upwards.
There is a stone staircase leading down here.
Magic restored.
HP restored.
Done exploring.
Done exploring.
Unknown command.
(D) Dungeon
Where to? (Enter - D:2 @ (x,y), ? - help)
There is a stone staircase leading down here.
You climb downwards.
There is a stone staircase leading up here.
A dart slug is nearby!
The dart slug writhes in agony!
The dart slug barely resists.
The dart slug writhes in agony.
You kill the dart slug!
You can't see any susceptible monsters within range! (Use Z to cast anyway.)
The orc priest misses you.
The orc priest hits you with a +0 trident!
You hit the orc priest.
The orc priest is moderately wounded.
Your +2 spectral club hits the orc priest!
The orc priest closely misses you.
The orc priest invokes the aid of Beogh against you.
Beogh smites you!
Ouch! That really hurt!
You die...

#.. #.## #.#. #
############ ##### #.#.
..........<..# #...###.#.
......###..#.#####...##.#..
.... #..............###.
..... #..####.........#..
......###.@# #..........#.
.....[)).(o# #..........#.
...........# ####...#.#<#.
###.#####†.# #...#.#.## #
#..# #...#.#.## #..#
#.....#.# #..# ####.....#.#
#... ....[....#.# #.##.
#######.##.#


You could see an orc priest and a friendly +2 spectral club (summoned).

Vanquished Creatures
  Jessica (D:2)
  An orc wizard (D:3)
  2 adders (D:2)
  4 dart slugs
  4 orcs (D:3)
  6 ball pythons
  7 endoplasms
  3 giant cockroaches
  4 hobgoblins
  3 quokkas
  5 bats
  A frilled lizard (D:1)
  3 goblins
  4 kobolds
  3 rats
51 creatures vanquished.

Vanquished Creatures (collateral kills)
  A rat (D:1)
1 creature vanquished.

Grand Total: 52 creatures vanquished

Notes
Turn   | Place    | Note
-------+----------+-------------------------------------------
     0 | D:1      | Icepheonix32 the Deep Elf Necromancer began the quest for
                  | the Orb.
     0 | D:1      | Reached XP level 1. HP: 10/10 MP: 6/6
    36 | D:1      | Reached skill level 5 in Necromancy
   112 | D:1      | Reached XP level 2. HP: 15/15 MP: 2/8
   673 | D:1      | Reached skill level 6 in Necromancy
   924 | D:1      | Reached XP level 3. HP: 19/19 MP: 7/9
  1314 | D:2      | Found a faded altar of an unknown god.
  1635 | D:2      | Noticed Jessica
  1638 | D:2      | Killed Jessica
  1639 | D:2      | Reached skill level 7 in Necromancy
  1639 | D:2      | Reached XP level 4. HP: 18/24 MP: 7/10
  2302 | D:3      | Killed from afar by an orc priest

Illustrated notes

Levels and vault maps discovered:
D:1:      erik_arrival_blinker_ship, layout_loops_ring
D:2:      layout_loops_cross, shapermc_ecumenical_altar_starsandcircs,
          uniq_jessica
D:3:      layout_loops_ring, uniq_robin

Skill      XL: |  1  2  3 |
---------------+----------+-----
Necromancy     | 5 6 7 |  7.6
Dodging        | |  2.4
Stealth        | |  2.4
Spellcasting   | |  3.0

Action                   |  1- 3 |  4- 6 || total
-------------------------+-------+-------++-------
Melee: Dagger            |    20 |       ||    20
       Club              |       |     5 ||     5
 Cast: Necrotise         |    55 |    19 ||    74
 Stab: Sleeping          |     2 |     1 ||     3
Armor: Robe              |     5 |       ||     5
Dodge: Dodged            |    27 |     3 ||    30
